AoeStats
← Schantiiniiii

African Clearing

506682376Analyzed
4v4 RM · 16d ago on Sep 14, 2026· 35m 59s· 8 players
Game mode
Random Map
Map size
Large (8 player)
Population
200
Speed
Normal
Resources
Standard
Victory
Conquest
Starting age
Dark Age
Ending age
Imperial Age
RankedLock teamsTeams togetherTeam positionsShared explorationLock speedFull tech treeHidden civsTurbo modeCheats
Victory
Defeat
🇨🇭 Bohemians · Switzerland
1680
+9
🇨🇭 Dravidians · Switzerland
1503
+16
🇨🇭 Wu · Switzerland
1434
+20
🇨🇭 Khmer · Switzerland
1415
+21
1532
-17
🇨🇳 Celts · China
1525
-17
🇲🇴 Burgundians · Macao SAR China
1499
-16
🇨🇳 Goths · China
1498
-16
投掷哥布林
4:33 Loom
14:04 Feudal Age
14:29 Feudal Age
15:50 Town Watch
16:15 Double-Bit Axe
18:46 Castle Age
16:59 Horse Collar
18:39 Scale Mail Armor
28:09 Wheelbarrow
30:24 Bow Saw
30:17 Heavy Plow
33:37 Hand Cart
37:20 Imperial Age
34:58 Squires
34:18 Pikeman
屁屁人
5:25 Loom
15:10 Feudal Age
13:44 Double-Bit Axe
14:48 Horse Collar
24:54 Bow Saw
30:15 Castle Age
28:21 Stone Mining
28:34 Heavy Plow
28:34 Fishing Lines
31:46 Wheelbarrow
Alita
3:52 Loom
13:46 Feudal Age
17:53 Castle Age
18:24 Double-Bit Axe
26:22 Fishing Lines
27:24 Scale Mail Armor
28:14 Gillnets
30:27 Chain Mail Armor
33:03 Bow Saw
35:27 Wheelbarrow
34:48 Arson
Yucatan_water_supremacy
3:40 Loom
12:14 Feudal Age
13:20 Double-Bit Axe
13:20 Horse Collar
17:31 Padded Archer Armor
22:03 Castle Age
22:54 Bow Saw
24:09 Scale Mail Armor
25:45 Chain Mail Armor
25:00 Eagle Warrior
25:30 Man-at-Arms
26:27 Squires
26:36 Long Swordsman
29:07 Forging
30:05 Gambesons
30:16 Arson
32:25 Wheelbarrow
31:36 Town Watch
33:49 Hand Cart
34:02 Elite Skirmisher
34:35 Fletching
35:01 Leather Archer Armor
Schantiiniiii
7:08 Loom
11:41 Feudal Age
13:33 Double-Bit Axe
14:12 Fletching
22:31 Castle Age
21:42 Horse Collar
23:50 Bow Saw
25:15 Chemistry
27:00 Chemistry
29:11 Town Watch
33:35 Wheelbarrow
34:48 Hand Cart
^^6-=MajorEjac****=-
13:28 Feudal Age
14:49 Double-Bit Axe
17:26 Castle Age
16:52 Loom
18:29 Bow Saw
23:39 Husbandry
23:56 Forging
23:57 Town Watch
27:09 Wheelbarrow
27:26 Scale Barding Armor
27:57 Iron Casting
29:26 Bloodlines
31:34 Hand Cart
34:43 Chain Barding Armor
39:03 Imperial Age
Smiley
10:38 Loom
12:46 Feudal Age
13:43 Double-Bit Axe
16:30 Fletching
18:53 Horse Collar
24:20 Man-at-Arms
26:11 Gold Mining
26:29 Scale Mail Armor
26:39 Forging
31:48 Castle Age
30:13 Arson
32:14 Long Swordsman
32:55 Squires
32:41 Gambesons
34:10 Wheelbarrow
33:20 Town Watch
34:09 Chain Mail Armor
35:52 Iron Casting
[PSCH]Dumec the II
10:45 Loom
12:48 Feudal Age
13:28 Double-Bit Axe
19:54 Castle Age
18:47 Scale Mail Armor
19:39 Forging
21:04 Chain Mail Armor
Connection lost

Rejoining the realm…

Still unreachable

The connection could not be restored.

Session expired

The server has moved on; the page needs a fresh start.